 Dungeon Crawl Stone Soup version 0.31-a0-210-gccc998df9b (webtiles) character file.

Game seed: 8020498228817807713

75322 gelatine the Marksdemonspawn (level 15, -2/120 HPs)
             Began as a Demonspawn Hunter on June 30, 2023.
             Was a High Priest of Makhleb.
             Slain by a +0 heavy battleaxe (12 damage)
             ... on level 1 of the Elven Halls on July 1, 2023.
             The game lasted 01:11:30 (21456 turns).

gelatine the Marksdemonspawn (Demonspawn Hunter)   Turns: 21456, Time: 01:11:31

Health: -2/120     AC: 17    Str: 15    XL:     15   Next: 9%
Magic:  0/21       EV: 18    Int: 12    God:    Makhleb [*****.]
Gold:   1425       SH: 11    Dex: 22    Spells: 11/21 levels left

rFire   + . .        O - +3 hand crossbow (flame)
rCold   . . .        R - +0 buckler {rF+}
rNeg    + . .        E - +0 steam dragon scales
rPois   .            e - +2 hat {Stlth+}
rElec   .            (cloak unavailable)
rCorr   .            g - +0 pair of gloves
SInv    .            w - +0 pair of boots
Will    +....        W - amulet of reflection
Stlth   ++++         l - +4 ring of slaying
HPRegen 0.40/turn    c - ring of Omowoumn {rN+ AC+4 Str+3}
MPRegen 0.34/turn

%: reflection, guardian spirit
@: no status effects
A: molten scales 1, magic shield, magic regeneration, demonic magic 1, weakness
stinger 3
a: Renounce Religion, Minor Destruction, Lesser Servant of Makhleb, Major
Destruction, Greater Servant of Makhleb


You were on level 1 of the Elven Halls.
You worshipped Makhleb.
Makhleb was extremely pleased with you.
You visited 5 branches of the dungeon, and saw 21 of its levels.
You also visited: Ice Cave and Volcano.

You collected 2511 gold pieces.
You spent 1086 gold pieces at shops.

Inventory:

Hand Weapons
 z - the +5 long sword of the Endless March {antimagic, rC+ rCorr Dex+3}
   (You found it on level 10 of the Dungeon)

   Dex:       It affects your dexterity (+3).
   rC:        It protects you from cold.
   rCorr:     It protects you from acid and corrosion.
 O - a +3 hand crossbow of flaming (weapon)
Armour
 e - a +2 hat of stealth (worn)
 g - a +0 pair of gloves (worn)
 q - an orb of light
 w - a +0 pair of boots (worn)
 y - a +1 robe of willpower
 D - a +3 ring mail of cold resistance
 E - +0 steam dragon scales (worn)
 K - a +0 kite shield
 Q - a +2 leather armour of fire resistance
 R - a +0 buckler of fire resistance (worn)
 T - a +2 scale mail of fire resistance
 Y - a +0 crystal plate armour
Jewellery
 c - the ring of Omowoumn (right hand) {rN+ AC+4 Str+3}
   (You found it on level 5 of the Lair of Beasts)

   [ring of protection]

   AC:        It affects your AC (+4).
   Str:       It affects your strength (+3).
   rN:        It protects you from negative energy.
 f - a ring of magical power
 j - a +6 ring of dexterity
 l - a +4 ring of slaying (left hand)
 p - a ring of flight
 J - a +5 ring of evasion
 U - the ring "Olodd" {Drain rPois rC+ Slay+2}
   (You found it in an ice cave)

   [ring of poison resistance]

   Slay:      It affects your accuracy & damage with ranged weapons and melee
   (+2).
   rC:        It protects you from cold.
   rPois:     It protects you from poison.
   Drain:     It drains your maximum health when unequipped.
 V - a ring of fire
 W - an amulet of reflection (around neck)
 Z - a ring of protection from fire
Wands
 a - a wand of digging (11)
 o - a wand of flame (8)
 s - a wand of mindburst (6)
 G - a wand of acid (19)
 I - a wand of charming (17)
Scrolls
 d - a scroll of brand weapon
 h - 2 scrolls of poison
 u - 6 scrolls of teleportation
 v - 3 scrolls of vulnerability
 x - 4 scrolls of immolation
 F - 4 scrolls of revelation
 M - 3 scrolls of fog
Potions
 i - 3 potions of brilliance
 k - 3 potions of magic
 n - 3 potions of invisibility
 A - a potion of mutation
 B - 5 potions of enlightenment
 C - a potion of resistance
 H - 3 potions of curing
 L - 3 potions of might {unknown}
 P - 2 potions of degeneration {unknown}
 S - 3 potions of haste {unknown}
 X - a potion of berserk rage {unknown}
Miscellaneous
 b - a condenser vane
 m - a sack of spiders (inert)
 t - a phial of floods


   Skills:
 * Level 11.8 Fighting
 * Level 17.1 Ranged Weapons
 * Level 7.6 Armour
 * Level 8.1 Dodging
 + Level 3.7 Stealth
 * Level 3.0 Shields
 * Level 3.6 Spellcasting
 * Level 3.8 Poison Magic
 * Level 9.1 Invocations
 + Level 5.3 Evocations


You had 11 spell levels left.
You knew the following spells:

 Your Spells              Type           Power      Damage    Failure   Level
a - Olgreb's Toxic Radia  Pois           11%        N/A       54%         4
b - Apportation           Tloc           4%         N/A       30%         1
c - Lee's Rapid Deconstr  Erth           1%         3d4*      100%        5

Your spell library contained the following spells:

 Spells                   Type           Power      Damage    Failure   Level
 Cigotuvi's Dreadful Rot  Necr/Pois/Air  10%        N/A       26%         2
 Foxfire                  Conj/Fire      8%         2x1d4     30%         1
 Magic Dart               Conj           8%         1d3       30%         1
 Necrotise                Necr           8%         1d4       30%         1
 Sandblast                Erth           4%         2d4       30%         1
 Summon Small Mammal      Summ           8%         N/A       30%         1
 Call Imp                 Summ           4%         N/A       43%         2
 Passwall                 Tmut/Erth      1%         N/A       43%         2
 Ignite Poison            Fire/Tmut/Pois 5%         N/A       47%         3
 Mephitic Cloud           Conj/Pois/Air  5%         N/A       47%         3
 Call Canine Familiar     Summ           2%         N/A       67%         3
 Hailstorm                Conj/Ice       2%         3d3       67%         3
 Stone Arrow              Conj/Erth      4%         3d7       67%         3
 Summon Guardian Golem    Hex/Summ       2%         N/A       67%         3
 Vampiric Draining        Necr           2%         2d6       67%         3
 Ice Form                 Ice/Tmut       2%         N/A       97%         4
 Summon Lightning Spire   Summ/Air       2%         N/A       97%         4
 Alistair's Intoxication  Tmut/Pois      4%         N/A       98%         5
 Agony                    Necr           2%         N/A       100%        5
 Fireball                 Conj/Fire      1%         3d3       100%        5
 Freezing Cloud           Conj/Ice/Air   1%         6-21      100%        5
 Summon Forest            Summ/Tloc      1%         N/A       100%        5
 Summon Mana Viper        Hex/Summ       2%         N/A       100%        5
 Plasma Beam              Fire/Air       1%         2x1d11    100%        6
 Simulacrum               Ice/Necr       1%         N/A       100%        6
 Starburst                Conj/Fire      1%         6d3       100%        6
 Discord                  Hex            1%         N/A       100%        8
 Ignition                 Fire           1%         3d3       100%        8


Dungeon Overview and Level Annotations

Branches:
Dungeon (12/15)            Temple (1/1) D:7            Lair (5/5) D:8
  Swamp (0/4) Lair:3        Snake (0/4) Lair:3        Slime (0/5) Lair:4
    Orc (2/2) D:9             Elf (1/3) Orc:2         IceCv (visited)
Volcano (visited)

Altars:
Ashenzari
Cheibriados
Dithmenos
Fedhas
Gozag
Hepliaklqana
Kikubaaqudgha
Makhleb
Nemelex Xobeh
Okawaru
Qazlal
Ru
Sif Muna
Trog
Uskayaw
Vehumet
Wu Jian
Xom
Yredelemnul
Jiyva

Shops:
D:5 ?   D:8 [   Orc:1 !   Orc:2 =*=:

Annotations:
D:7 2 transporters, exclusion: oklob plant, ZoeForever1's ghost, novice DrTm


Innate Abilities, Weirdness & Mutations

You are partially covered in molten scales. (AC +2)
When hurt, damage is shared between your health and your magic reserves.
You regenerate magic rapidly.
Spells you cast may paralyse adjacent enemies.
You have a sharp stinger which inflicts weakening toxins.


Message History

You hear a shout!
The fire elemental closely misses you.
A deep elf pyromancer comes into view. It is wielding a +0 rapier.
The deep elf archer casts a spell.
The deep elf archer blinks!
The deep elf archer shoots an arrow.
The arrow closely misses you.
Your hellwing swoops through the air toward the deep elf archer!
Your hellwing hits the deep elf archer!
Your hellwing closely misses the deep elf archer.
The fire elemental disappears in a puff of smoke!
The arrow hits your hellwing.
The deep elf pyromancer casts a spell.
The deep elf pyromancer blinks!
The deep elf archer shoots an arrow.
The arrow hits you!
* * * LOW HITPOINT WARNING * * *
Your hellwing hits the deep elf archer!
Your hellwing closely misses the deep elf archer.
The deep elf archer unwields a +0 dagger.
The deep elf archer wields a +0 shortbow.
The deep elf archer shoots an arrow.
The arrow hits you.
* * * LOW HITPOINT WARNING * * *
You feel much better.
The deep elf archer unwields a +0 dagger.
The deep elf archer wields a +0 shortbow.
The deep elf archer shoots an arrow.
You block the arrow with an invisible shield... and reflect it back!
The arrow misses the deep elf archer.
Your hellwing closely misses the deep elf archer.
Your hellwing barely misses the deep elf archer.
A deep elf zephyrmancer comes into view.
It is wielding a +0 short sword.
The deep elf archer casts a spell at you.
You resist with some effort.
The deep elf archer shoots an arrow.
The arrow hits you!!
* * * LOW HITPOINT WARNING * * *
Unknown command.
A demon appears!
It doesn't seem very happy.
You block the +0 heavy battleaxe's attack.
A demon appears!
The +0 heavy battleaxe hits you!
You die...

#.).# #.#....e.....
#...# #.#...$......
#...# #.#°.........
#...###..○.........
.......#ee....)....
..#...#○###.#.....
###..#○##.###.#..
..#..2.(E...#..# .
#...#.#@##.#....
......#4# ..
..e.###.. ... #.##
#... .# . . #..## .
. #.##.. #...###
.#..#...


You could see a blizzard demon (summoned), a deep elf pyromancer, 2 deep elf
zephyrmancers, a fire elemental (summoned), a +0 heavy battleaxe (ally target)
and a friendly orange demon (summoned, wandering).

Vanquished Creatures
  Snorg (D:11)
  A fire dragon (Volcano)
  3 hydras (Lair:5)
  2 catoblepae (Lair:5)
  2 two-headed ogres
  13 death yaks
  Urug (D:12)
  4 orc high priests
  A skeletal warrior (D:11)
  A skyshark (Lair:5)
  Lodul (D:11)
  A deep troll (Lair:1)
  5 deep elf pyromancers
  4 deep elf zephyrmancers
  An oklob plant (Lair:3)
  5 lindwurms (Volcano)
  2 ugly things (IceCv)
  3 orc knights
  2 cyclopes
  4 manticores
  4 orc sorcerers (Orc:2)
  12 elephants
  3 ice statues (IceCv)
  4 black mambas
  A smoke demon (Volcano)
  Maurice (Orc:1)
  Maggie (D:6)
  A rime drake (Lair:5)
  A torpor snail (Lair:5)
  3 unseen horrors
  12 cane toads
  A rime drake (shapeshifter) (D:10)
  10 komodo dragons
  2 anaconda simulacra (IceCv)
  2 ice devils (Lair:4)
  A tengu conjurer (D:11)
  2 trolls
  A meliai (D:10)
  4 polar bears
  13 blink frogs
  A hornet (D:6)
  2 dream sheep (Lair:5)
  Prince Ribbit (D:6)
  4 slime creatures
  Sigmund (D:2)
  A wraith (D:10)
  An air elemental (Elf:1)
  8 wyverns
  28 yaks
  11 steam dragons
  A death yak simulacrum (IceCv)
  A basilisk (Lair:5)
  15 vampire mosquitoes
  2 wargs (Orc:1)
  A harpy simulacrum (IceCv)
  An acid dragon (D:9)
  14 water moccasins
  5 hell hounds
  Duvessa (D:6)
  A hydra simulacrum (IceCv)
  5 black bears
  15 orc warriors
  A swamp drake (Orc:2)
  2 ice beasts (D:5)
  17 ogres
  8 wolves
  7 centaurs
  A phantom (D:4)
  3 kobold brigands (D:8)
  18 bullfrogs
  3 gnoll sergeants
  A cane toad simulacrum (IceCv)
  5 scorpions
  4 wights
  Dowan (D:6)
  An elephant simulacrum (IceCv)
  10 killer bees
  5 howler monkeys
  5 electric eels (D:10)
  A crimson imp (Orc:2)
  7 hounds
  Crazy Yiuf (D:5)
  3 jellies
  21 orc priests
  An iron imp (Orc:2)
  4 iguanas
  A sleepcap (D:6)
  Natasha (D:4)
  28 orc wizards
  7 hell rats (Lair:3)
  3 wolf simulacra (IceCv)
  Robin (D:3)
  8 adders
  10 gnolls
  2 shadow imps
  3 white imps
  A worm (D:4)
  68 orcs
  5 ball pythons
  7 endoplasms
  A giant cockroach (D:1)
  11 goblins
  7 hobgoblins
  7 jackals
  5 quokkas
  7 bats
  3 frilled lizards
  28 kobolds
  5 rats
605 creatures vanquished.

Vanquished Creatures (collateral kills)
  Rupert (Lair:4)
  An orc knight (Orc:1)
  A black mamba (Lair:4)
  A polar bear (Lair:4)
  An orc warrior (Orc:2)
5 creatures vanquished.

Vanquished Creatures (others)
  A yak (D:10)
1 creature vanquished.

Grand Total: 611 creatures vanquished

Notes
Turn   | Place    | Note
-------+----------+-------------------------------------------
     0 | D:1      | gelatine the Demonspawn Hunter began the quest for the Orb.
     0 | D:1      | Reached XP level 1. HP: 16/16 MP: 1/1
    44 | D:1      | Found a faded altar of an unknown god.
   152 | D:1      | Reached skill level 4 in Ranged Weapons
   152 | D:1      | Gained mutation: You are partially covered in molten
                  | scales. (AC +2) [demonic ancestry]
   152 | D:1      | Reached XP level 2. HP: 19/22 MP: 2/2
   535 | D:1      | Gained mutation: Spells you cast may paralyse adjacent
                  | enemies. [demonic ancestry]
   535 | D:1      | Reached XP level 3. HP: 27/27 MP: 3/3
   811 | D:2      | You fall into a shaft and drop 1 floor!
   870 | D:2      | Noticed Sigmund
   909 | D:2      | Killed Sigmund
   910 | D:2      | Reached skill level 5 in Ranged Weapons
   910 | D:2      | Reached skill level 1 in Armour
   910 | D:2      | Reached XP level 4. HP: 10/34 MP: 4/4
   910 | D:2      | Gained mutation: You regenerate magic rapidly. [demonic
                  | ancestry]
   910 | D:2      | Reached XP level 5. HP: 12/39 MP: 5/5
  1391 | D:3      | Noticed Robin
  1393 | D:3      | Killed Robin
  1751 | D:4      | Gained mutation: You have a small tail. [demonic ancestry]
  1751 | D:4      | Reached XP level 6. HP: 46/46 MP: 6/6
  1895 | D:4      | Reached skill level 6 in Ranged Weapons
  1976 | D:4      | Found an opulent altar of Gozag.
  2000 | D:4      | Reached XP level 7. HP: 52/52 MP: 7/7
  2149 | D:4      | Noticed Natasha
  2151 | D:4      | Killed Natasha
  2260 | D:4      | Reached skill level 7 in Ranged Weapons
  2499 | D:5      | Entered Level 5 of the Dungeon
  2530 | D:5      | Found Exulek's Magic Scroll Boutique.
  2546 | D:5      | Bought a scroll of identify for 26 gold pieces
  2546 | D:5      | Bought a scroll of enchant weapon for 97 gold pieces
  2717 | D:5      | Reached skill level 1 in Stealth
  2795 | D:5      | Reached XP level 8. HP: 13/60 MP: 8/8
  2816 | D:5      | Reached skill level 8 in Ranged Weapons
  2998 | D:5      | Found a radiant altar of Vehumet.
  3008 | D:5      | Found an ancient bone altar of Kikubaaqudgha.
  3018 | D:5      | Found a shimmering blue altar of Sif Muna.
  3100 | D:5      | Found a runed translucent door.
  3101 | D:5      | Noticed Crazy Yiuf
  3112 | D:5      | Killed Crazy Yiuf
  3487 | D:5      | Bought a scroll of blinking for 97 gold pieces
  3487 | D:5      | Bought a scroll of noise for 13 gold pieces
  3510 | D:6      | Noticed Prince Ribbit
  3510 | D:6      | Noticed a hornet
  3572 | D:6      | Noticed Duvessa
  3572 | D:6      | Noticed Dowan
  3652 | D:6      | Paralysed by a hornet for 2 turns
  3663 | D:6      | Killed a hornet
  3664 | D:6      | Reached skill level 9 in Ranged Weapons
  3674 | D:6      | Killed Prince Ribbit
  3893 | D:6      | Found a broken altar of Ashenzari.
  3929 | D:6      | Reached XP level 9. HP: 66/66 MP: 9/9
  4101 | D:6      | Reached skill level 10 in Ranged Weapons
  4121 | D:6      | Killed Dowan
  4303 | D:6      | Reached skill level 5 in Fighting
  4368 | D:6      | Killed Duvessa
  4553 | D:6      | Noticed Maggie
  4589 | D:6      | Killed Maggie
  4742 | D:6      | Found a bloodstained altar of Trog.
  4774 | D:6      | Found an ornate altar of the Wu Jian Council.
  5092 | D:7      | Found a transporter.
  5107 | D:7      | Reached skill level 11 in Ranged Weapons
  5152 | D:7      | Noticed an oklob plant
  5281 | D:7      | Found a staircase to the Ecumenical Temple.
  5293 | Temple   | Entered the Ecumenical Temple
  5507 | Temple   | Became a worshipper of Makhleb the Destroyer
  5550 | D:7      | Reached XP level 10. HP: 48/76 MP: 10/10
  5695 | D:7      | Noticed ZoeForever1's ghost (novice DrTm)
  5712 | D:7      | Found a transporter.
  5933 | D:7      | Found a sacrificial altar of Ru.
  5933 | D:7      | Found a shimmering altar of Xom.
  5968 | D:7      | Noticed a cyclops
  6006 | D:7      | Noticed a deep elf zephyrmancer
  6018 | D:7      | Killed a deep elf zephyrmancer
  6022 | D:7      | Got Daellowa's Folio of Felsic Convocation
  6108 | D:8      | Reached skill level 1 in Invocations
  6240 | D:8      | Reached skill level 1 in Evocations
  6240 | D:8      | Reached * piety under Makhleb
  6314 | D:8      | Reached skill level 12 in Ranged Weapons
  6332 | D:8      | Found Betygg's Antique Armour Emporium.
  6531 | D:8      | Reached ** piety under Makhleb
  6639 | D:8      | Found a staircase to the Lair.
  6806 | D:9      | Found a snail-covered altar of Cheibriados.
  7425 | D:9      | Found a staircase to the Orcish Mines.
  7598 | D:9      | Noticed a two-headed ogre
  7610 | D:9      | Killed a two-headed ogre
  7611 | D:9      | Reached XP level 11. HP: 48/84 MP: 13/13
  7994 | D:10     | Entered Level 10 of the Dungeon
  7994 | D:10     | Found a sparkling altar of Nemelex Xobeh.
  8013 | D:10     | Reached *** piety under Makhleb
  8418 | D:10     | Reached skill level 13 in Ranged Weapons
  8778 | D:10     | Reached skill level 5 in Dodging
  9428 | D:10     | Identified the +5 long sword of the Endless March
                  | {antimagic, rC+ rCorr Dex+3}
 10080 | D:11     | Reached skill level 5 in Armour
 10235 | D:11     | Noticed a two-headed ogre
 10246 | D:11     | Killed a two-headed ogre
 10346 | D:11     | Reached **** piety under Makhleb
 10349 | D:11     | Noticed Lodul
 10358 | D:11     | Killed Lodul
 10452 | D:11     | Reached XP level 12. HP: 69/94 MP: 15/15
 10682 | D:11     | Noticed Snorg
 10686 | D:11     | Killed Snorg
 10687 | D:11     | Reached skill level 14 in Ranged Weapons
 10687 | D:11     | Reached skill level 5 in Invocations
 11000 | D:12     | Noticed a tengu warrior
 11385 | D:12     | Noticed Urug
 11391 | D:12     | Killed Urug
 11692 | Orc:1    | Entered Level 1 of the Orcish Mines
 11692 | Orc:1    | Noticed Maurice
 11694 | Orc:1    | Killed Maurice
 11695 | Orc:1    | Found Gochifeq's Distillery.
 11720 | Orc:1    | Bought a potion of heal wounds for 70 gold pieces
 12101 | Orc:2    | Entered Level 2 of the Orcish Mines
 12101 | Orc:2    | Noticed an orc high priest
 12117 | Orc:1    | Killed an orc high priest
 12260 | Orc:2    | Found a staircase to the Elven Halls.
 12316 | Orc:2    | Reached ***** piety under Makhleb
 12390 | Orc:2    | Found a dark tunnel.
 12403 | Volcano  | Entered a volcano
 12708 | Volcano  | Noticed a fire dragon
 12718 | Volcano  | Killed a fire dragon
 12921 | Orc:2    | Gained mutation: You have a tail ending in a sharp stinger.
                  | [demonic ancestry]
 12921 | Orc:2    | Reached XP level 13. HP: 103/103 MP: 17/17
 13091 | Orc:2    | Reached skill level 10 in Fighting
 13111 | Orc:2    | Reached skill level 15 in Ranged Weapons
 13679 | Orc:2    | Reached skill level 5 in Evocations
 14248 | Orc:2    | Found Huyza's Jewellery Shoppe.
 14253 | Orc:2    | Found Weadaann's Assorted Antiques.
 14260 | Orc:2    | Bought a scroll labelled BOCESO INOYNUE for 25 gold pieces
 14260 | Orc:2    | Bought a puce potion for 22 gold pieces
 14260 | Orc:2    | Bought a potion of heal wounds for 125 gold pieces
 14260 | Orc:2    | Bought a scroll of identify for 50 gold pieces
 14260 | Orc:2    | Bought a scroll of identify for 50 gold pieces
 14260 | Orc:2    | Found Maercho's Jewellery Shop.
 14262 | Orc:2    | Found Genocac's Book Shoppe.
 14295 | Orc:2    | Bought an amulet of reflection for 360 gold pieces
 14439 | Lair:1   | Entered Level 1 of the Lair of Beasts
 16267 | Lair:3   | Reached skill level 1 in Spellcasting
 16341 | Lair:3   | Learned a level 4 spell: Olgreb's Toxic Radiance
 16379 | Lair:3   | Found a staircase to the Swamp.
 16405 | Lair:3   | Reached skill level 1 in Poison Magic
 16416 | Lair:3   | Reached skill level 16 in Ranged Weapons
 16657 | Lair:3   | Found a staircase to the Snake Pit.
 16914 | Lair:3   | Reached skill level 1 in Shields
 16914 | Lair:3   | Gained mutation: You have a sharp stinger which inflicts
                  | weakening toxins. [demonic ancestry]
 16914 | Lair:3   | Reached XP level 14. HP: 113/113 MP: 20/20
 17321 | Lair:4   | You fall into a shaft and drop 1 floor!
 17321 | Lair:5   | Entered Level 5 of the Lair of Beasts
 17339 | Lair:5   | HP: 4/113 [death yak (18)]
 17570 | Lair:4   | Noticed Rupert
 17611 | Lair:4   | Found a frozen archway.
 17621 | IceCv    | Entered an ice cave
 18049 | IceCv    | Identified the ring "Olodd" {Drain rPois rC+ Slay+2}
 18251 | Lair:4   | Found a staircase to the Slime Pits.
 18251 | Lair:4   | Found a viscous altar of Jiyva.
 18258 | Lair:4   | Paralysed by Rupert for 5 turns
 18730 | Lair:4   | Reached ****** piety under Makhleb
 18841 | Lair:4   | Killed Rupert
 19897 | Lair:5   | HP: 3/114 [catoblepas (12)]
 20161 | Lair:5   | Identified the ring of Omowoumn {rN+ AC+4 Str+3}
 20405 | Lair:5   | Reached skill level 17 in Ranged Weapons
 20417 | Lair:5   | Gained mutation: When hurt, damage is shared between your
                  | health and your magic reserves. [demonic ancestry]
 20417 | Lair:5   | Reached XP level 15. HP: 109/120 MP: 21/21
 20778 | Lair:5   | Learned a level 1 spell: Apportation
 20787 | Lair:5   | Learned a level 5 spell: Lee's Rapid Deconstruction
 20954 | Orc:1    | Bought a potion of mutation for 112 gold pieces
 21112 | D:5      | Bought a scroll of teleportation for 39 gold pieces
 21280 | Elf:1    | Entered Level 1 of the Elven Halls
 21456 | Elf:1    | Slain by a +0 heavy battleaxe

Illustrated notes

Levels and vault maps discovered:
D:1:      dpeg_arrival_rhombus, layout_basic,
          ebering_ecumenical_altar_sacrificial, st_stairs_9
D:2:      layout_basic, kennysheep_decorative_pillar, uniq_sigmund
D:3:      kennysheep_big_flooded_room, layout_rooms, minmay_curled_crystal,
          kennysheep_cluttered_room, uniq_robin
D:4:      layout_cave_pods, nicolae_gozag_cash_rules_everything_around_me,
          minmay_misc_feat_pillars, uniq_natasha
D:5:      layout_loops_cross, palyth_temple_overflow_mages, serial_shops,
          nicolae_shop_tiny_waterfront, uniq_crazy_yiuf_cottage
D:6:      layout_rooms, nicolae_ashenzari_panopticon,
          pdpol_wu_jian_five_deadly_venoms, mainiacjoe_overflow_24_doors,
          minmay_misc_feat_rugged, hex_medium, kennysheep_generic_room_4,
          uniq_prince_ribbit1, uniq_duvessa, uniq_maggie
D:7:      layout_cave_pools, gammafunk_temple_overflow_statue,
          minmay_temple_entry_mini_moons, nzn_ghost_randoct,
          minmay_misc_feat_encased, guppyfry_early_elven_hall
D:8:      layout_rooms, due_lair_maze_entry_diamond, serial_shops,
          kennysheep_little_box, st_stairs_9
D:9:      layout_loops_ring, mainiacjoe_overflow_small_starburst, david_orc_4,
          serial_bayou_pond_c
D:10:     layout_basic, general_overflow_altar, kb_rosetta
D:11:     layout_irregular_city, uniq_lodul, uniq_snorg
D:12:     layout_rooms, uniq_urug
Temple:   chequers_temple_sunken
Lair:1:   dreamdust_cave_troll, layout_regular_city
Lair:2:   layout_hall_layers, eino_small_chamber_without_monster, minivault_27,
          st_stairs_3
Lair:3:   layout_concentric_octagons, minmay_swamp_entry_swarm,
          dummy_snake_entry, infiniplex_staircase_pool_2
Lair:4:   layout_loops_ring, nicolae_slime_entry_slimehenge,
          portal_ice_cave_demonic_guard, beast_lair_carwin_6, uniq_rupert
Lair:5:   hangedman_lair_in_review, layout_cave_pods,
          grunt_forest_small_clearing_treed
Orc:1:    layout_caves, serial_shops, nicolae_shop_industrial_runoff,
          uniq_maurice
Orc:2:    st_orc_elflike, layout_caves, enter_volcano_3, basic_altar,
          hangedman_minor_magic
Elf:1:    elf_arrival_001, layout_loops_cross, serial_shops, bzr_entry_dummy,
          minivault_28

Skill      XL: |  1  2  3  4  5  6  7  8  9 10 11 12 13 14 |
---------------+-------------------------------------------+-----
Ranged Weapons | 4 5 6 7 9 11 12 13 14 16 17 | 17.1
Dodging        | 2 3 4 5 6 7 8 |  8.1
Armour         | 1 2 3 4 5 6 7 |  7.6
Fighting       | 3 4 5 7 8 9 11 | 11.8
Stealth        | 1 2 3 |  3.7
Invocations    | 3 4 6 8 9 |  9.1
Evocations     | 2 3 4 5 |  5.3
Spellcasting   | 1 3 |  3.6
Poison Magic   | 1 3 |  3.8
Shields        | 1 3 |  3.0

Action                     |  1- 3 |  4- 6 |  7- 9 | 10-12 | 13-15 || total
---------------------------+-------+-------+-------+-------+-------++-------
  Melee: Shortbow          |       |       |       |     2 |       ||     2
         Tailslap          |       |       |       |     2 |       ||     2
   Fire: Shortbow          |    99 |   106 |   402 |   647 |       ||  1254
         Hand crossbow     |       |       |       |   287 |   732 ||  1019
 Invoke: Lesser Servant of |       |       |       |     2 |    12 ||    14
         Major Destruction |       |       |       |       |     3 ||     3
         Greater Servant o |       |       |       |       |     2 ||     2
  Evoke: Wand              |       |       |     7 |     3 |     2 ||    12
         Phial of floods   |       |       |       |       |     1 ||     1
         Condenser vane    |       |       |       |       |     1 ||     1
    Use: Potion            |     2 |       |     2 |     2 |    10 ||    16
         Scroll            |     1 |       |     4 |    10 |     9 ||    24
 Armour: Leather armour    |     9 |    11 |       |       |    59 ||    79
         Skin              |    12 |       |       |       |     2 ||    14
         Robe              |       |       |    67 |       |       ||    67
         Steam dragon scal |       |       |     3 |   240 |    74 ||   317
         Ring mail         |       |       |     2 |       |     7 ||     9
  Dodge: Dodged            |    26 |    16 |   100 |   385 |   300 ||   827
  Block: Other             |       |       |       |       |    68 ||    68
         Buckler           |       |       |       |       |     6 ||     6
         Reflection        |       |       |       |       |     1 ||     1

Table legend: (Time is in decaauts)
 A = Elapsed time spent in this place.
 B = Non-inter-level travel time spent in this place.
 C = Inter-level travel time spent in this place.
 D = Time resting spent in this place.
 E = Time spent auto-exploring this place.
 F = Levels seen in this place.
 G = Mean time per level.
                   A        B        C        D        E       F      G
               +--------+--------+--------+--------+--------+-----+--------+
         Total |  21577 |  20005 |   1572 |      0 |  15710 |  23 |  938.1 |
       Dungeon |  11819 |  10721 |   1098 |      0 |   8520 |  12 |  984.9 |
        Temple |    293 |    293 |      0 |      0 |    217 |   1 |  293.0 |
          Lair |   6002 |   5699 |    303 |      0 |   4685 |   5 | 1200.4 |
  Orcish Mines |   2353 |   2183 |    170 |      0 |   1597 |   2 | 1176.5 |
   Elven Halls |    178 |    178 |      0 |      0 |    109 |   1 |  178.0 |
      Ice Cave |    479 |    479 |      0 |      0 |    313 |   1 |  479.0 |
       Volcano |    450 |    450 |      0 |      0 |    267 |   1 |  450.0 |
               +--------+--------+--------+--------+--------+-----+--------+

Top non-repeatable levels by time:
    D:10: 1805 daAuts
  Lair:5: 1644 daAuts
    D:11: 1598 daAuts
     D:9: 1469 daAuts
   Orc:2: 1458 daAuts
     D:5: 1403 daAuts
  Lair:4: 1397 daAuts
     D:6: 1180 daAuts
  Lair:3: 1169 daAuts
  Lair:2: 932 daAuts
   Orc:1: 895 daAuts
     D:7: 864 daAuts
  Lair:1: 857 daAuts
     D:4: 786 daAuts
     D:8: 758 daAuts
